 Dungeon Crawl Stone Soup version 0.19-a0-1254-gb9c29c0 (webtiles) character file.

205 poirepourri the Insei (level 5, -6/35 HPs)
             Began as an Octopode Transmuter on Aug 27, 2016.
             Mangled by a yak (17 damage)
             ... on level 3 of the Dungeon.
             The game lasted 00:05:08 (4448 turns).

poirepourri the Insei (Octopode Transmuter)         Turns: 4448, Time: 00:05:09

Health: -6/35      AC:  1    Str: 10    XL:     5   Next: 83%
Magic:  3/9        EV: 13    Int: 16    God:
Gold:   232        SH:  0    Dex: 12    Spells: 3 memorised, 4 levels left

rFire  . . .     SeeInvis .       - Unarmed
rCold  . . .     Gourm    .     (no shield)
rNeg   . . .     Faith    .     (helmet restricted)
rPois  .         Spirit   .     (no amulet)
rElec  .         Dismiss  .     (no ring)
rCorr  .         Reflect  .     (no ring)
MR     .....     Harm     .     (no ring)
Stlth  +++.......               (no ring)
                                (no ring)
                                (no ring)
                                (no ring)
                                (no ring)

@: appendage, very slightly contaminated
A: almost no armour, stealthy swim, amphibious, 8 rings, constrict 8, tentacle
spike 3, camouflage 1, gelatinous body 1
a: End Transformation


You were on level 3 of the Dungeon.
You were full.
One of your tentacles had a temporary spike.
You visited 1 branch of the dungeon, and saw 4 of its levels.

You collected 232 gold pieces.

Inventory:

Missiles
 a - 63 arrows
Jewellery
 t - an uncursed ring of ice {unknown}
Scrolls
 c - 2 scrolls of identify
 h - a scroll of amnesia {unknown}
 j - 3 scrolls of fear
 l - a scroll of remove curse
 o - a scroll of blinking
 p - a scroll of random uselessness {unknown}
 r - a scroll of fog {unknown}
Potions
 d - 3 potions of agility {unknown}
 e - a potion of might
 f - 2 potions of flight
 i - a potion of heal wounds
 k - a potion of curing {unknown}
 m - 3 potions of magic
 u - a potion of haste {unknown}
Books
 b - a book of Changes

   Spells                             Type                      Level
   a - Beastly Appendage              Transmutation                1
   b - Sticks to Snakes               Transmutation                2
   c - Spider Form                    Transmutation/Poison         3
   d - Ice Form                       Ice/Transmutation            4
   e - Blade Hands                    Transmutation                5
Comestibles
 n - 2 bread rations
 q - 4 fruits
 s - a beef jerky


   Skills:
 + Level 2.4 Fighting
 - Level 2.0 Dodging
 + Level 1.3 Stealth
 + Level 4.4 Unarmed Combat
 + Level 3.0 Spellcasting
 + Level 3.0 Transmutations
 + Level 0.8 Poison Magic


You had 4 spell levels left.
You knew the following spells:

 Your Spells              Type           Power        Failure   Level  Hunger
a - Beastly Appendage     Tmut           ##....       8%          1    #......
b - Sticks to Snakes      Tmut           ##......     10%         2    ##.....
c - Spider Form           Tmut/Pois      #.........   28%         3    ###....


Dungeon Overview and Level Annotations

Branches:
Dungeon (4/15)
 Temple: D:4-7

Altars:
Fedhas
Kikubaaqudgha
Trog
Zin


Innate Abilities, Weirdness & Mutations

You cannot wear most types of armour.
You are very stealthy in the water.
You are amphibious.
You can wear up to eight rings at the same time.
You can use your tentacles to constrict eight enemies at once.
Your skin changes colour to match your surroundings (Stealth+).
Your rubbery body absorbs attacks. (AC +1, EV +1)
One of your tentacles bears a large vicious spike.


Message History

The yak gores you. The yak barely misses you.
You climb upwards.
There is a stone staircase leading down here.
The yak gores you.
You tentacle-slap the yak but do no damage.
The yak gores you!
You tentacle-slap the yak but do no damage.
You pierce the yak.
Your squeeze misses the yak.
The yak is lightly wounded.
The yak barely misses you.
You tentacle-slap the yak but do no damage.
The yak closely misses you.
You tentacle-slap the yak.
The yak is lightly wounded.
The yak gores you.
You tentacle-slap the yak. You squeeze the yak.
The yak is moderately wounded.
The yak gores you!
You die...

....# ##..##..# ....#####
####...#
........####.....##########
........#.................#
........#........########.#
........#........# #.####
........#........# #....#
.########........#####
####.# .# ####...>@รท...#
#.# ## #....Y....# #.#
#...).....# #.# #.........#
#.# #.........#######.#
#.................#
#.........#########
#..............#
#.........<#.#.#


You could see a yak.

Vanquished Creatures
  An orc wizard (D:3)
  A gnoll (D:1)
  6 adders
  3 oozes
  A worm (D:2)
  3 dart slugs
  3 giant geckos
  3 orcs (D:3)
  3 giant cockroaches
  7 goblins
  12 hobgoblins
  4 jackals (D:3)
  5 kobolds
  2 quokkas (D:2)
  6 ball pythons
  11 bats
  7 giant newts
  7 rats
85 creatures vanquished.

Notes
Turn   | Place    | Note
-------+----------+-------------------------------------------
     0 | D:1      | poirepourri the Octopode Transmuter began the quest for the Orb.
     0 | D:1      | Reached XP level 1. HP: 13/13 MP: 3/3
   159 | D:1      | Reached XP level 2. HP: 5/18 MP: 3/5
   904 | D:1      | Reached XP level 3. HP: 5/23 MP: 4/6
  2573 | D:2      | Reached XP level 4. HP: 24/29 MP: 5/7
  2892 | D:2      | Reached skill level 4 in Unarmed Combat
  3605 | D:3      | Learned a level 2 spell: Sticks to Snakes
  3609 | D:3      | Learned a level 3 spell: Spider Form
  3731 | D:3      | Reached XP level 5. HP: 21/34 MP: 1/9
  4036 | D:3      | Found a blossoming altar of Fedhas.
  4036 | D:3      | Found a bloodstained altar of Trog.
  4037 | D:3      | Found an ancient bone altar of Kikubaaqudgha.
  4188 | D:3      | Reached skill level 1 in Stealth
  4431 | D:4      | Found a glowing silver altar of Zin.
  4431 | D:4      | Noticed a yak
  4431 | D:4      | Noticed a yak
  4448 | D:3      | Mangled by a yak

Vault maps used:
D:1:      dpeg_arrival_ternary, minmay_misc_feat_cross,
          minmay_misc_feat_four_crosses
D:3:      gammafunk_temple_overflow_forgotten, minmay_misc_feat_secret_circle
D:4:      nicolae_overflow_crystal_walls, lemuel_doored_altar,
          gup_sewer_entry_pipe, serial_forest, infiniplex_forest_clump_C,
          infiniplex_forest_straight_2, infiniplex_forest_straight_2,
          infiniplex_forest_clump_long, infiniplex_forest_clump_small,
          serial_shops, shop, first_bread,
          nicolae_gozag_cash_rules_everything_around_me

Skill      XL: |  1  2  3  4  5 |
---------------+----------------+-----
Unarmed Combat | 4 |  4.4
Fighting       | 2 |  2.4
Spellcasting   | 3 |  3.0
Stealth        | 1 |  1.3
Transmutations | 3 |  3.0
Dodging        | |  2.0
Poison Magic   | |  0.8

Action                   |  1- 3 |  4- 6 || total
-------------------------+-------+-------++-------
Melee: Unarmed           |    81 |   110 ||   191
       Constrict         |    24 |    19 ||    43
       Kick              |    15 |    13 ||    28
       Tentacles         |    12 |    10 ||    22
       Punch             |     2 |     3 ||     5
 Cast: Beastly Appendage |    22 |    14 ||    36
       Spider Form       |       |     8 ||     8
  Use: Scroll            |       |     9 ||     9
 Stab: Sleeping          |     2 |     3 ||     5
  Eat: Bread ration      |     1 |     1 ||     2
       Pizza             |     1 |       ||     1
       Beef jerky        |     1 |       ||     1
       Meat ration       |       |     1 ||     1
       Fruit             |       |     1 ||     1
Armor: Skin              |    12 |    14 ||    26
Dodge: Dodged            |    64 |    83 ||   147
